 Dungeon Crawl Stone Soup version 0.31-a0-237-g2d982f9f85 (webtiles) character file.

Game seed: 15762499233290988369

51 qw the Shooter (level 3, -3/30 HPs)
             Began as a Minotaur Hexslinger on July 11, 2023.
             Slain by Terence
             ... wielding a +0 trident of flaming
              (6 damage)
             ... on level 2 of the Dungeon.
             The game lasted 00:00:22 (919 turns).

qw the Shooter (Minotaur Hexslinger)                 Turns: 919, Time: 00:00:22

Health: -3/30      AC:  5    Str: 12    XL:     3   Next: 58%
Magic:  0/3        EV: 11    Int: 10    God:
Gold:   121        SH:  0    Dex: 14    Spells: 3/4 levels left

rFire   . . .        Y - +1 sling
rCold   . . .        (no shield)
rNeg    . . .        d - +0 ring mail
rPois   .            (helmet restricted)
rElec   .            (no cloak)
rCorr   .            (no gloves)
SInv    .            (no boots)
Will    .....        e - amulet of guardian spirit
Stlth   +            (no ring)
HPRegen 0.25/turn    (no ring)
MPRegen 0.08/turn

%: guardian spirit
@: no status effects
A: horns 2, retaliatory headbutt
a: no special abilities


You were on level 2 of the Dungeon.
You visited 1 branch of the dungeon, and saw 2 of its levels.

You collected 121 gold pieces.


Innate Abilities, Weirdness & Mutations

You have a pair of horns on your head.
You reflexively headbutt those who attack you in melee.


   Skills:
 - Level 2.3 Fighting
 - Level 4.0 Ranged Weapons
 + Level 0.0 Armour
 - Level 2.1 Dodging
 - Level 1.0 Spellcasting
 - Level 2.0 Hexes


You had 3 spell levels left.
You knew the following spells:

 Your Spells              Type           Power      Damage    Failure   Level
a - Slow                  Hex            16%        N/A       34%         1

Your spell library contained the following spells:

 Spells                   Type           Power      Damage    Failure   Level
 Inner Flame              Hex/Fire       2%         N/A       83%         3
 Portal Projectile        Hex/Tloc       4%         N/A       83%         3
 Cause Fear               Hex            2%         N/A       98%         4

Inventory:

Hand Weapons
 Y - a +1 sling (weapon)
Armour
 d - a +0 ring mail (worn)
Jewellery
 e - an amulet of guardian spirit (around neck)
Scrolls
 a - a scroll of blinking {unknown}

Dungeon Overview and Level Annotations

Branches:
Dungeon (2/15)

Altars:

Annotations:
D:2 Terence


Message History

Enter note:
Enter note:
Enter note:
Enter note: You shoot a sling bullet.
The sling bullet barely misses Terence.
Terence completely misses you. The bat barely misses you.
You shoot a sling bullet. The sling bullet hits the bat.
You kill the bat!
Terence hits you from afar with a +0 trident of flaming!
Terence burns you.
You shoot a sling bullet.
The sling bullet hits Terence but does no damage.
Terence barely misses you.
Terence hits you from afar with a +0 trident of flaming.
Terence burns you.
You shoot a sling bullet. The sling bullet hits Terence.
Terence is moderately wounded.
Terence barely misses you.
You shoot a sling bullet. The sling bullet misses the goblin.
Terence hits you from afar with a +0 trident of flaming.
Terence burns you. The goblin closely misses you. You furiously retaliate!
You headbutt the goblin!
You kill the goblin!
Terence hits you from afar with a +0 trident of flaming.
Terence burns you.
Your Ranged Weapons skill increases to level 4!
You shoot a sling bullet.
The sling bullet hits Terence but does no damage.
Terence is moderately wounded.
Terence closely misses you.
You shoot a sling bullet. The sling bullet barely misses Terence.
Terence hits you from afar with a +0 trident of flaming.
Terence burns you.
You shoot a sling bullet. The sling bullet hits Terence.
Terence is heavily wounded.
Terence hits you from afar with a +0 trident of flaming.
Terence burns you.
You shoot a sling bullet. The sling bullet barely misses Terence.
Terence hits you from afar with a +0 trident of flaming.
You die...

..# ..# ..# ..## #######
...#### ....... .8....#
....... }..##.###
@%.....
........#########).?....
.#####..........@%......
..............###......}
........................
....................#..}
..................### ..
.................... .
..................##
...................
.....


You could see Terence.

Vanquished Creatures
  3 adders (D:2)
  3 endoplasms (D:2)
  3 giant cockroaches
  2 goblins (D:2)
  A hobgoblin (D:2)
  3 quokkas
  2 ball pythons (D:1)
  5 bats
  3 rats
25 creatures vanquished.

Notes
Turn   | Place    | Note
-------+----------+-------------------------------------------
     0 | D:1      | qw the Minotaur Hexslinger began the quest for the Orb.
     0 | D:1      | Reached XP level 1. HP: 16/16 MP: 1/1
     0 | D:1      | 0 ||| qw: Version: 0.3-a-52-g30416fa
     0 | D:1      | 0 ||| qw: Game counter: 5419
     0 | D:1      | 0 ||| qw: Melee chars always use a shield: true
     0 | D:1      | 0 ||| qw: God list: Okawaru
     0 | D:1      | 0 ||| qw: Allow faded altars: false
     0 | D:1      | 0 ||| qw: Do Orc after clearing Dungeon:15 true
     0 | D:1      | 0 ||| qw: Do second Lair branch before Depths: true
     0 | D:1      | 0 ||| qw: Lair rune preference: random
     0 | D:1      | 0 ||| qw: Goals: Normal
     0 | D:1      | 0 ||| PLANNING D:1-11
   445 | D:1      | Reached skill level 3 in Ranged Weapons
   498 | D:1      | Reached XP level 2. HP: 23/23 MP: 2/2
   649 | D:1      | 649 ||| UPGRADING to +0 ring mail.
   659 | D:1      | 659 ||| DROPPING +0 robe.
   660 | D:1      | 660 ||| UPGRADING to amulet of guardian spirit.
   665 | D:1      | 665 ||| READING scroll labelled TUAHUE NAGARA.
   666 | D:1      | 666 ||| DROPPING scroll of poison.
   700 | D:2      | Reached XP level 3. HP: 30/30 MP: 3/3
   778 | D:2      | Found a faded altar of an unknown god.
   906 | D:2      | Noticed Terence
   916 | D:2      | Reached skill level 4 in Ranged Weapons
   918 | D:2      | HP: 4/30 [Terence/+0 trident of flaming (5)]
   919 | D:2      | Slain by Terence

Levels and vault maps discovered:
D:1:      nagdon_arrival_double_spiral, layout_basic
D:2:      layout_rooms, shapermc_ecumenical_altar_petra,
          hangedman_feature_mirror, nicolae_shop_vocational, uniq_terence

Skill      XL: |  1  2  3 |
---------------+----------+-----
Ranged Weapons | 3 4 |  4.0
Fighting       | 2 |  2.3
Dodging        | |  2.1
Spellcasting   | |  1.0
Hexes          | |  2.0

Action                     || total
---------------------------++-------
   Fire: Sling             ||    89
    Use: Scroll            ||     1
 Armour: Ring mail         ||    12
         Robe              ||     2
  Dodge: Dodged            ||    33

Table legend:
 A = Non-vault XP
 B = Vault XP
 C = Vault XP percentage of total XP
 D = Non-vault monster count
 E = Vault monster count
 F = Vault count percentage of total count
                 A         B        C        D         E       F
            +---------+---------+-------+---------+---------+-------
      Total |      71 |       3 |   4.1 |      23 |       2 |   8.0
            +---------+---------+-------+---------+---------+-------
        D:1 |      15 |       0 |   0.0 |      10 |       0 |   0.0
        D:2 |      56 |       3 |   5.1 |      13 |       2 |  13.3
            +---------+---------+-------+---------+---------+-------
